 Dungeon Crawl Stone Soup version 0.26-a0-810-ge1a9524b62 (webtiles) character file.

Game seed: 11685301063125973980

412 iamoutofideas the Sneak (level 6, 36/36 HPs)
             Began as an Octopode Venom Mage on Nov 11, 2020.
             Quit the game on level 4 of the Dungeon on Nov 13, 2020.
             The game lasted 00:10:51 (6453 turns).

iamoutofideas the Sneak (Octopode Venom Mage)       Turns: 6453, Time: 00:10:52

Health: 36/36      AC:  1    Str:  7    XL:     6   Next: 90%
Magic:  10/10      EV: 13    Int: 20    God:
Gold:   189        SH:  0    Dex: 12    Spells: 2/11 levels left

rFire    . . .     SeeInvis .   (no weapon)
rCold    + . .     Faith    .   (no shield)
rNeg     . . .     Spirit   .   (helmet restricted)
rPois    .         Reflect  .   l - amulet of regeneration
rElec    .         Harm     .   i - ring of protection from cold
rCorr    .         Rampage  .   (no ring)
MR       .....                  (no ring)
Stlth    ++++......             (no ring)
HPRegen  0.52/turn              (no ring)
MPRegen  0.12/turn              (no ring)
                                (no ring)
                                (no ring)

@: no status effects
A: almost no armour, stealthy swim, amphibious, 8 rings, constrict 8, camouflage
1, gelatinous body 1
a: no special abilities


You were on level 4 of the Dungeon.
You visited 1 branch of the dungeon, and saw 4 of its levels.

You collected 189 gold pieces.

Inventory:

Jewellery
 i - a ring of protection from cold (left tentacle)
 l - an amulet of regeneration (around mantle)
Wands
 n - a wand of digging (3)
Scrolls
 a - 2 scrolls of amnesia
 b - 2 scrolls of identify
 c - 3 scrolls of teleportation
 f - 2 scrolls of remove curse {unknown}
 j - a scroll of enchant weapon {unknown}
Potions
 d - 2 potions of degeneration
 e - 2 potions of brilliance
 g - a potion of curing {unknown}
 h - a potion of flight {unknown}
 k - a potion of invisibility {unknown}
 m - a potion of haste {unknown}


   Skills:
 - Level 2.2 Dodging
 + Level 6.6 Stealth
 - Level 3.1 Spellcasting
 - Level 2.0 Transmutations
 + Level 6.0 Poison Magic


You had 2 spell levels left.
You knew the following spells:

 Your Spells              Type           Power        Failure   Level
a - Sting                 Tmut/Pois      ###.         2%          1
b - Poisonous Vapours     Pois/Air       ###...       6%          2
c - Mephitic Cloud        Conj/Pois/Air  ##......     19%         3
d - Ignite Poison         Fire/Tmut/Pois ##......     14%         3

Your spell library contained the following spells:

 Spells                   Type           Power        Failure   Level
 Olgreb's Toxic Radiance  Pois           ####....     12%         4


Dungeon Overview and Level Annotations

Branches:
Dungeon (4/15)
 Temple: D:4-7

Altars:
Cheibriados
Fedhas
Gozag
Hepliaklqana
Kikubaaqudgha
Nemelex Xobeh
Uskayaw

Shops:
D:4 (


Innate Abilities, Weirdness & Mutations

You cannot wear most types of armour.
You are very stealthy in the water. (Stealth+)
You are amphibious.
You can wear up to eight rings at the same time.
You can use your tentacles to constrict eight enemies at once.
Your skin changes colour to match your surroundings (Stealth+).
Your rubbery body absorbs attacks. (AC +1, EV +1)


Message History

You start resting.
Magic restored.
Welcome back, iamoutofideas the Octopode Venom Mage.
Press ? for a list of commands and other information.
Welcome back, iamoutofideas the Octopode Venom Mage.
Press ? for a list of commands and other information.
(D) Dungeon
Where to? (Enter - D:3 @ (x,y), ? - help)
There is a stone staircase leading down here.
You climb downwards.
The phantom blinks!
There is a stone staircase leading up here.
(D) Dungeon
Where to? (Enter - D:4, ? - help)
Okay, then.
A phantom is nearby!
A phantom is nearby!
A phantom is nearby!
A phantom is nearby!
No target in view!
No target in view!
Are you sure you want to abandon this character and quit the game? (Confirm with "yes".)

#...........+_'..# #.# ##...##
#...........#+#†.###.####.....###
#................................
##..............#................
##.###.......##.....#'#...##....
##...#...#....##.....+∩+.........
#......####... #.....#'#.........
#......#####..##.........##......
................@.##.............
........#.#..########............
........# # #...<...........
#......## #..§##..........
#..##.... #####..#..........
...#...##..( #8..#.............
.......##..... #_...............)
..>..........###8..#.............
...............#########.#.##....


There were no monsters in sight!

Vanquished Creatures
  A scorpion (D:4)
  Crazy Yiuf (D:3)
  Jessica (D:1)
  Ijyb (D:4)
  Terence (D:2)
  An iguana (D:4)
  A hound skeleton (D:4)
  Robin (D:2)
  5 adders
  4 gnolls (D:4)
  2 oozes
  5 worms
  2 leopard geckos (D:2)
  4 orcs
  A ball python (D:2)
  5 giant cockroaches
  16 goblins
  9 hobgoblins
  4 jackals (D:4)
  8 kobolds
  2 quokkas (D:2)
  11 bats
  3 frilled lizards
  A leopard gecko skeleton (D:4)
  8 rats
98 creatures vanquished.

Vanquished Creatures (others)
  3 fungi (D:3)
3 creatures vanquished.

Grand Total: 101 creatures vanquished

Notes
Turn   | Place    | Note
-------+----------+-------------------------------------------
     0 | D:1      | iamoutofideas the Octopode Venom Mage began the quest for
                  | the Orb.
     0 | D:1      | Reached XP level 1. HP: 11/11 MP: 3/3
   478 | D:1      | Reached XP level 2. HP: 17/17 MP: 3/5
  1588 | D:1      | Reached XP level 3. HP: 21/21 MP: 3/6
  1749 | D:2      | Learned a level 2 spell: Poisonous Vapours
  1753 | D:2      | Learned a level 3 spell: Mephitic Cloud
  2082 | D:2      | Noticed Jessica
  2086 | D:2      | Noticed Robin
  2099 | D:1      | Killed Jessica
  2099 | D:1      | Reached XP level 4. HP: 11/27 MP: 2/7
  2422 | D:2      | Killed Robin
  3259 | D:2      | Noticed Terence
  3265 | D:2      | Killed Terence
  3265 | D:2      | Reached skill level 5 in Poison Magic
  3265 | D:2      | Reached XP level 5. HP: 31/31 MP: 2/9
  3875 | D:3      | Found a blossoming altar of Fedhas.
  4276 | D:3      | Found a snail-covered altar of Cheibriados.
  4276 | D:3      | Found an ancient bone altar of Kikubaaqudgha.
  4333 | D:3      | Found an opulent altar of Gozag.
  4642 | D:3      | Found a hide-covered altar of Uskayaw.
  4649 | D:3      | Found a sparkling altar of Nemelex Xobeh.
  5358 | D:3      | Found a runed translucent door.
  5359 | D:3      | Noticed Crazy Yiuf
  5373 | D:3      | Killed Crazy Yiuf
  5373 | D:3      | Reached skill level 5 in Stealth
  5373 | D:3      | Reached XP level 6. HP: 32/36 MP: 4/10
  5558 | D:4      | Learned a level 3 spell: Ignite Poison
  5902 | D:4      | Noticed a phantom
  5931 | D:4      | Found an opulent altar of Gozag.
  6275 | D:4      | Noticed Ijyb
  6283 | D:4      | Killed Ijyb
  6366 | D:4      | Found a hazy altar of Hepliaklqana.
  6390 | D:4      | Found Ajett's Antique Weapon Emporium.
  6431 | D:3      | Upgraded the game from 0.26-a0-800-g517d6fe721 to
                  | 0.26-a0-810-ge1a9524b62
  6453 | D:4      | Quit the game

Illustrated notes

Levels and vault maps discovered:
D:1:      tarquinn_simple_flora_water_e, layout_basic
D:2:      layout_loops_cross, uniq_terence, uniq_jessica, uniq_robin
D:3:      layout_loops_ring, amethyst_overflow_temple_binary,
          old_standard_altar, lemuel_doored_altar,
          gammafunk_temple_overflow_wave, hangedman_decor_clover_reticule,
          uniq_crazy_yiuf_cottage
D:4:      cheibrodos_barr_body, layout_cave_pools, kennysheep_mini_moat,
          serial_shops, nicolae_shop_behind_doors, grunt_gozag_breadcrumbs,
          uniq_ijyb

Skill      XL: |  1  2  3  4  5  6 |
---------------+-------------------+-----
Poison Magic   | 4 5 6 |  6.0
Stealth        | 3 5 6 |  6.6
Transmutations | 2 |  2.0
Spellcasting   | 3 |  3.1
Dodging        | |  2.2

Action                   |  1- 3 |  4- 6 || total
-------------------------+-------+-------++-------
Melee: Unarmed           |    34 |   132 ||   166
       Constrict         |    14 |    37 ||    51
       Tentacles         |     6 |    25 ||    31
 Cast: Sting             |    34 |    51 ||    85
       Poisonous Vapours |     1 |    45 ||    46
  Use: Scroll            |       |     5 ||     5
 Stab: Sleeping          |     4 |     6 ||    10
Armor: Skin              |     7 |     8 ||    15
Dodge: Dodged            |    36 |    97 ||   133

Table legend: (Time is in decaauts)
 A = Elapsed time spent in this place.
 B = Non-inter-level travel time spent in this place.
 C = Inter-level travel time spent in this place.
 D = Time resting spent in this place.
 E = Time spent auto-exploring this place.
 F = Levels seen in this place.
 G = Mean time per level.
                   A        B        C        D        E       F      G
               +--------+--------+--------+--------+--------+-----+--------+
         Total |   6454 |   6266 |    188 |   1783 |   3560 |   4 | 1613.5 |
       Dungeon |   6454 |   6266 |    188 |   1783 |   3560 |   4 | 1613.5 |
               +--------+--------+--------+--------+--------+-----+--------+

Top non-repeatable levels by time:
     D:1: 2029 daAuts
     D:2: 1804 daAuts
     D:3: 1666 daAuts
     D:4: 954 daAuts
